 Dungeon Crawl Stone Soup version 0.29.0-4-gdea44cf6ec (webtiles) character file.

Game seed: 2684803524018717800

16 qw the Chopper (level 2, -1/17 HPs)
             Began as a Tengu Warper on Aug 28, 2022.
             Slain by a hobgoblin
             ... wielding a staff of death
              (4 damage)
             ... on level 1 of the Dungeon.
             The game lasted 00:00:03 (775 turns).

qw the Chopper (Tengu Warper)                        Turns: 775, Time: 00:00:04

Health: -1/17      AC:  3    Str: 11    XL:     2   Next: 54%
Magic:  6/6        EV: 11    Int: 13    God:
Gold:   16         SH:  0    Dex: 13    Spells: 5/5 levels left

rFire   . . .      SeeInvis .   a - +0 hand axe
rCold   . . .      Faith    .   (no shield)
rNeg    . . .      Spirit   .   b - +0 leather armour
rPois   .          Reflect  .   (helmet restricted)
rElec   .          Harm     .   (no cloak)
rCorr   .          Rampage  .   (no gloves)
Will    .....                   (boots unavailable)
Stlth   +.........              (no amulet)
HPRegen 0.05/turn               (no ring)
MPRegen 0.10/turn               (no ring)

@: no status effects
A: beak, talons 3
a: no special abilities


You were on level 1 of the Dungeon.
You visited 1 branch of the dungeon, and saw 1 of its levels.

You collected 16 gold pieces.


Innate Abilities, Weirdness & Mutations

You have a beak for a mouth.
You have claws for feet.


   Skills:
 - Level 2.0 Fighting
 + Level 3.4 Axes
 - Level 1.0 Throwing
 - Level 1.1 Armour
 - Level 2.1 Dodging
 - Level 2.0 Spellcasting
 - Level 2.4 Translocations


You had 5 spell levels left.
You didn't know any spells.
Your spell library contained the following spells:

 Spells                   Type           Power      Damage    Failure   Level
 Blink                    Tloc           14%        N/A       19%         2
 Gell's Gravitas          Tloc           7%         N/A       36%         3
 Lesser Beckoning         Tloc           7%         N/A       36%         3
 Teleport Other           Tloc           7%         N/A       36%         3
 Manifold Assault         Tloc           7%         N/A       98%         5

Inventory:

Hand Weapons
 a - a +0 hand axe (weapon)
 d - a +0 whip
Armour
 b - a +0 leather armour (worn)
Scrolls
 c - a scroll of blinking
Potions
 e - a potion of lignification {unknown}
 f - a potion of mutation {unknown}

Dungeon Overview and Level Annotations

Branches:
Dungeon (1/15)

Altars:


Message History

You closely miss the rat. You punch the rat.
The rat is heavily wounded.
The rat closely misses you.
You hit the rat but do no damage. The rat bites you.
You hit the rat.
You kill the rat!
You start resting.
HP restored.
f - a viscous orange potion You see here a hobgoblin skeleton.
You see here a +0 club.
A hobgoblin comes into view.
The hobgoblin shouts!
You hear a shout!
Enter note: You hit the hobgoblin.
You kill the hobgoblin!
A hobgoblin comes into view. It is wielding a staff of death.
764 ||| Stepping ~*~*~tactically~*~*~ (stealth).
The hobgoblin shouts!
You hit the hobgoblin but do no damage.
The hobgoblin hits you with a staff of death.
You barely miss the hobgoblin.
You claw the hobgoblin, but do no damage.
Your peck misses the hobgoblin.
The hobgoblin hits you with a staff of death.
You hit the hobgoblin but do no damage. Your kick misses the hobgoblin.
You peck the hobgoblin, but do no damage.
The hobgoblin closely misses you.
You hit the hobgoblin but do no damage.
You peck the hobgoblin, but do no damage.
The hobgoblin closely misses you.
You barely miss the hobgoblin.
You peck the hobgoblin, but do no damage.
The hobgoblin hits you with a staff of death.
You hit the hobgoblin.
You claw the hobgoblin, but do no damage.
The hobgoblin is moderately wounded.
The hobgoblin hits you with a staff of death.
You die...

#########
#.......#
#.#####.# #
#.#####.####.###.#
#.##......@.......
#.##.##.###g####..
. #.##.##.# #.# #
#.......# #.# #
####.#### #.# .#
#.# #.# .. # #.###
#.# #.#.# # #...#
##.#####.#.#
###.###.#......#.#


You could see a hobgoblin.

Vanquished Creatures
  An endoplasm (D:1)
  2 goblins (D:1)
  3 hobgoblins (D:1)
  A kobold (D:1)
  2 ball pythons (D:1)
  2 bats (D:1)
  4 rats (D:1)
15 creatures vanquished.

Notes
Turn   | Place    | Note
-------+----------+-------------------------------------------
     0 | D:1      | qw the Tengu Warper began the quest for the Orb.
     0 | D:1      | Reached XP level 1. HP: 12/12 MP: 4/4
     0 | D:1      | 0 ||| qw: Version: 0.1-a-89-g26bdef1
     0 | D:1      | 0 ||| qw: Game counter: 2814
     0 | D:1      | 0 ||| qw: Always use a shield: true
     0 | D:1      | 0 ||| qw: God list: Okawaru
     0 | D:1      | 0 ||| qw: Allow faded altars: false
     0 | D:1      | 0 ||| qw: Do Orc after D:15 true
     0 | D:1      | 0 ||| qw: Do second Lair branch before Depths: true
     0 | D:1      | 0 ||| qw: Lair rune preference: random
     0 | D:1      | 0 ||| qw: Plans: Normal
     0 | D:1      | 0 ||| PLANNING D:1-11
   301 | D:1      | Found a faded altar of an unknown god.
   367 | D:1      | Reached XP level 2. HP: 13/17 MP: 6/6
   375 | D:1      | Reached skill level 3 in Axes
   764 | D:1      | 764 ||| Stepping ~*~*~tactically~*~*~ (stealth).
   774 | D:1      | HP: 3/17 [hobgoblin/staff of death (6)]
   775 | D:1      | Slain by a hobgoblin

Levels and vault maps discovered:
D:1:      onia_arrival_handbag, layout_loops_ring,
          hellmonk_ecumenical_altar_arch_garden

Skill      XL: |  1  2 |
---------------+-------+-----
Axes           | 3 |  3.4
Fighting       | |  2.0
Throwing       | |  1.0
Armour         | |  1.1
Dodging        | |  2.1
Spellcasting   | |  2.0
Translocations | |  2.4

Action                   || total
-------------------------++-------
Melee: Hand axe          ||    39
       Kick              ||     6
       Peck              ||     3
       Punch             ||     1
Throw: Boomerang         ||     7
Armor: Leather armour    ||    18
Dodge: Dodged            ||    29

Table legend:
 A = Non-vault XP
 B = Vault XP
 C = Vault XP percentage of total XP
 D = Non-vault monster count
 E = Vault monster count
 F = Vault count percentage of total count
                 A         B        C        D         E       F
            +---------+---------+-------+---------+---------+-------
      Total |      21 |       2 |   8.7 |      13 |       2 |  13.3
            +---------+---------+-------+---------+---------+-------
        D:1 |      21 |       2 |   8.7 |      13 |       2 |  13.3
            +---------+---------+-------+---------+---------+-------
